 Dungeon Crawl Stone Soup version 0.20.1-1-g8b1a95d (webtiles) character file.

149 letownia2 the Grave Robber (level 5, 33/45 HPs)
             Began as a Deep Dwarf Necromancer on Nov 2, 2017.
             Quit the game on level 5 of the Dungeon.
             The game lasted 00:03:10 (1053 turns).

letownia2 the Grave Robber (Deep Dwarf Necromancer) Turns: 1053, Time: 00:03:11

Health: 33/45      AC:  6    Str: 12    XL:     5   Next: 9%
Magic:  3/8        EV: 11    Int: 16    God:
Gold:   46         SH:  0    Dex: 13    Spells: 4/8 levels left

rFire    . . .     SeeInvis .   (no weapon)
rCold    . . .     Gourm    .   (no shield)
rNeg     + . .     Faith    .   f - +0 ring mail
rPois    .         Spirit   .   i - +0 helmet
rElec    .         Reflect  .   (no cloak)
rCorr    .         Harm     .   (no gloves)
MR       .....                  (no boots)
Stlth    +.........             (no amulet)
Regen    0.0/turn               h - ring of positive energy
MPRegen  0.2/turn               (no ring)

@: non-regenerating
A: damage resistance, heal wounds, sense surroundings 1, no regeneration
a: Heal Wounds


You were on level 5 of the Dungeon.
You were not hungry.

You visited 1 branch of the dungeon, and saw 7 of its levels.

You collected 46 gold pieces.

Inventory:

Armour
 f - a +0 ring mail (worn)
 i - a +0 helmet (worn)
Jewellery
 h - a ring of positive energy (left hand)
Scrolls
 a - a scroll of remove curse {unknown}
 d - 2 scrolls of blinking {unknown}
 g - a scroll of identify {unknown}
 n - a scroll of magic mapping {unknown}
Potions
 e - 2 potions of heal wounds {unknown}
 k - a potion of mutation {unknown}
Books
 b - a book of Necromancy

   Spells                             Type                      Level
   a - Pain                           Necromancy                   1
   b - Animate Skeleton               Necromancy                   1
   c - Vampiric Draining              Necromancy                   3
   d - Regeneration                   Charms/Necromancy            3
   e - Animate Dead                   Necromancy                   4
   f - Control Undead                 Necromancy                   4
Comestibles
 c - 2 bread rations
 j - a royal jelly
 l - 3 chunks of flesh
 m - a meat ration


   Skills:
 + Level 1.8 Fighting
 - Level 1.6 Armour
 - Level 2.1 Dodging
 - Level 2.4 Stealth
 - Level 2.0 Spellcasting
 + Level 6.0 Necromancy


You had 4 spell levels left.
You knew the following spells:

 Your Spells              Type           Power        Failure   Level  Hunger
a - Pain                  Necr           ###.         3%          1    #......
v - Vampiric Draining     Necr           ###.......   11%         3    ###....


Dungeon Overview and Level Annotations

Branches:
Dungeon (7/15)
 Temple: D:4-7

Altars:
Ru

Annotations:
D:7 Prince Ribbit


Innate Abilities, Weirdness & Mutations

You are resistant to damage.
You can heal yourself by infusing magical energy.
You passively map a small area around you.
You do not regenerate.


Message History

l - 3 chunks of flesh (gained 2)
Found a stone staircase leading up.
Found 11 gold pieces.
The crimson imp disappears for a moment.
Found a sacrificial altar of Ru.
There is a stone staircase leading up here.
You see here 11 gold pieces.
You now have 46 gold pieces (gained 11).
The crimson imp blinks!
There is a stone staircase leading up here.
You climb upwards.
You hear the sound of rushing water.
There is an entrance to a sewer on this level.
Hurry and find it before the portal rusts away!
A worker ant and a howler monkey come into view.
There is a stone staircase leading down here.
Unknown command.
Unknown command.
Put on which piece of jewellery? (? for menu, Esc to quit)
Okay, then.
Are you sure you want to abandon this character and quit the game? (Confirm with "yes".)

, , , *+ * * *
, , ###* * #..
,, , * , , , ,
#.# ##.
#..####.##.....
.......@.......
#.##.#..a#....#
* * #...#, ###
* * * * #.... ,
* * , ,.h.###**
* ....# ,.####
, * #. * , , *


You could see a howler monkey (sleeping) and a worker ant (sleeping).

Vanquished Creatures
  3 hounds
  2 worker ants (D:4)
  An adder (D:6)
  A goblin (D:1)
  A hobgoblin (D:1)
  A bat (D:1)
  A frilled lizard (D:3)
  A kobold (D:2)
  A leopard gecko skeleton (D:4)
  A rat (D:1)
13 creatures vanquished.

Notes
Turn   | Place    | Note
-------+----------+-------------------------------------------
     0 | D:1      | letownia2 the Deep Dwarf Necromancer began the quest for the Orb.
     0 | D:1      | Reached XP level 1. HP: 15/15 MP: 3/3
   576 | D:4      | Noticed a hound
   598 | D:4      | Killed a hound
   598 | D:4      | Reached skill level 1 in Armour
   598 | D:4      | Reached skill level 5 in Necromancy
   598 | D:4      | Reached XP level 2. HP: 19/22 MP: 0/5
   598 | D:4      | Reached XP level 3. HP: 24/28 MP: 0/6
   806 | D:4      | Reached XP level 4. HP: 32/37 MP: 2/7
   862 | D:4      | You fall through a shaft for 3 floors!
   862 | D:7      | Noticed an orc warrior
   878 | D:7      | Noticed Prince Ribbit
   922 | D:6      | Reached skill level 1 in Fighting
   927 | D:6      | Learned a level 3 spell: Vampiric Draining
  1033 | D:6      | Reached skill level 6 in Necromancy
  1033 | D:6      | Reached XP level 5. HP: 29/45 MP: 1/8
  1044 | D:6      | Found a sacrificial altar of Ru.
  1052 | D:5      | Entered Level 5 of the Dungeon
  1053 | D:5      | Quit the game

Skill      XL: |  1  2  3  4 |
---------------+-------------+-----
Spellcasting   | 2 |  2.0
Armour         | 1 |  1.6
Necromancy     | 5 6 |  6.0
Fighting       | 1 |  1.8
Dodging        | |  2.1
Stealth        | |  2.4

Action                   |  1- 3 |  4- 6 || total
-------------------------+-------+-------++-------
Melee: Unarmed           |    18 |       ||    18
 Cast: Pain              |    22 |     7 ||    29
       Vampiric Draining |       |     3 ||     3
  Eat: Chunk             |       |     1 ||     1
Armor: Ring mail         |    11 |    10 ||    21
Dodge: Dodged            |    17 |    16 ||    33
